Match 47227871
Unlisted

Match 47227871
End
Kradschützen Motorcycle Team
Selects Battlefield Espionage Battlegroup
Panzergrenadier Squad
Panzergrenadier Squad
Construct Light Support Kompanie
2.5-tonne Medical Truck
MG34 Team
Fire Support Elements
Selects Intel Disruption Beacon
Flakvierling Half-track
Panzerjäger Mechanized Group
Veteran Squad Leaders
Construct Panzerarmee Kommand
Selects Transfer Depots
Selects Firestorm
Walking Stuka Rocket Launcher
Firestorm
Armored Reserves
Firestorm
Pak 38 Anti-tank Gun Team
Selects 250/3 Funkpanzerwagen
Selects Anti-Tank Incendiary Munitions
Tiger Heavy Tank
Emergency Repair Kits
Vehicle Survival Package
Firestorm
Flak 36 Anti-tank Gun Team
Forward Retreat Point
Rapid Advance
Firestorm
Flak 36 Anti-tank Gun Team
Firestorm
[PD] [9C] [FT] Claudius Tacitus
圣园未花
Nico-Nico-Nii~~
ModMapper
QSC
Shrugged
Mad
cocopang
0
0

Comments sign in to comment!

No comments posted yet!